General information
			
			
        
        - name: BNet
 
        - type: Ladder team game (AT/RT)
 
        - host: Battle.net
 
        - saver: DedNiggrStorage
 
        
map: TwistedMeadows 
        - players: 4
 
        - length: 18:14
 
        - speed: Fast
 - version: 1.22 W3XP
 - replay type:  Public
 
» download(107 KB)
Players
        team 1 (winner) 
              
              
AShamefulNiggr (
yellow | 93 APM | 1700 actions | 18:13)
              
 4 Archmage 
 2 Blizzard
 2 Brilliance Aura
 
                » actions 
                
                | Assign group hotkey | 5 |  | 
| Basic commands | 9 |  | 
| Build / train | 65 |  | 
| ESC pressed | 4 |  | 
| Enter build submenu | 43 |  | 
| Enter hero's abilities submenu | 5 |  | 
| Remove unit from queue | 2 |  | 
| Right click | 937 |  | 
| Select / deselect | 310 |  | 
| Select group hotkey | 198 |  | 
| Use ability | 122 |  | 
                1700 total
 » units 
                » upgrades
                » buildings
                
                | Altar of Kings | 1 |  | 
| Farm | 8 |  | 
| Scout Tower | 28 |  | 
| Lumber Mill | 6 |  | 
| Arcane Tower | 5 |  | 
| Guard Tower | 8 |  | 
| Arcane Vault | 1 |  | 
| Keep | 1 |  | 
| Town Hall | 1 |  | 
                59 total
 » build order
                00:09 Altar of Kings
00:21 Farm
00:24 Scout Tower
00:35 Lumber Mill
00:48 Lumber Mill
00:54 Arcane Tower
01:25 Farm
02:01 Scout Tower
02:39 Guard Tower
02:41 Scout Tower
03:05 Scout Tower
03:10 Guard Tower
04:25 Scout Tower
04:26 Scout Tower
04:40 Arcane Tower
04:44 Scout Tower
04:51 Scout Tower
04:56 Arcane Tower
04:57 Guard Tower
04:59 Scout Tower
05:22 Guard Tower
05:29 Arcane Tower
06:00 Scout Tower
06:26 Scout Tower
06:35 Guard Tower
07:04 Scout Tower
07:22 Arcane Vault
07:39 Scout Tower
07:45 Guard Tower
07:46 Scout Tower
07:56 Keep
07:59 Farm
08:12 Farm
08:14 Scout Tower
08:30 Guard Tower
08:33 Farm
08:50 Farm
09:00 Scout Tower
09:33 Lumber Mill
09:53 Arcane Tower
09:57 Lumber Mill
10:30 Scout Tower
10:31 Scout Tower
10:31 Scout Tower
10:32 Scout Tower
10:39 Scout Tower
10:40 Scout Tower
10:41 Scout Tower
11:18 Guard Tower
12:30 Lumber Mill
13:25 Lumber Mill
13:28 Town Hall
14:32 Farm
14:33 Farm
17:57 Scout Tower
17:58 Scout Tower
17:58 Scout Tower
17:59 Scout Tower
18:00 Scout Tower
» items
                
                | Staff of Teleportation | 1 |  | 
| Boots of Speed | 1 |  | 
| Healing Salve | 4 |  | 
| Scroll of Regeneration | 1 |  | 
| Lesser Clarity Potion | 2 |  | 
| Scroll of Speed | 2 |  | 
| Potion of Healing | 2 |  | 
| Orb of Lightning | 1 |  | 
                14 total
  
               
              
              
DedNiggrStorage (
teal | 97 APM | 1772 actions | 18:14)
              
 5 Blademaster 
 3 Wind Walk
 2 Critical Strike
 
                » actions 
                
                | Assign group hotkey | 40 |  | 
| Basic commands | 2 |  | 
| Build / train | 68 |  | 
| ESC pressed | 2 |  | 
| Enter build submenu | 21 |  | 
| Enter hero's abilities submenu | 5 |  | 
| Give item / drop item | 2 |  | 
| Right click | 843 |  | 
| Select / deselect | 192 |  | 
| Select group hotkey | 493 |  | 
| Use ability | 104 |  | 
                1772 total
 » units 
                » upgrades
                
                | Ranged Weapons | 2 |  | 
| Liquid Fire | 1 |  | 
                3 total
 » buildings
                
                | Altar of Storms | 1 |  | 
| Orc Burrow | 3 |  | 
| Voodoo Lounge | 2 |  | 
| War Mill | 2 |  | 
| Watch Tower | 6 |  | 
| Stronghold | 3 |  | 
| Great Hall | 1 |  | 
| Fortress | 2 |  | 
| Beastiary | 3 |  | 
                23 total
 » build order
                00:10 Altar of Storms
00:22 Orc Burrow
00:54 Voodoo Lounge
01:20 War Mill
01:22 War Mill
01:38 Orc Burrow
02:35 Watch Tower
02:41 Watch Tower
02:58 Watch Tower
04:49 Stronghold
04:49 Stronghold
04:49 Stronghold
07:10 Great Hall
07:21 Watch Tower
07:21 Watch Tower
07:44 Fortress
07:46 Beastiary
07:47 Beastiary
08:13 Voodoo Lounge
08:18 Orc Burrow
09:28 Beastiary
09:59 Watch Tower
» items
                
                | Healing Salve | 5 |  | 
| Lesser Clarity Potion | 11 |  | 
| Boots of Speed | 1 |  | 
| Circlet of Nobility | 2 |  | 
| Staff of Teleportation | 2 |  | 
| Orb of Lightning | 1 |  | 
| Potion of Healing | 1 |  | 
| Potion of Mana | 1 |  | 
                24 total
  
               team 2 (loser) 
              
              
» 
ISMOKETREESNAGA (
orange | 91 APM | 1664 actions | 18:13)
              
 2 Warden 
 1 Shadow Strike
 1 Blink
 
                » actions 
                
                | Assign group hotkey | 37 |  | 
| Basic commands | 107 |  | 
| Build / train | 44 |  | 
| ESC pressed | 2 |  | 
| Enter build submenu | 24 |  | 
| Enter hero's abilities submenu | 2 |  | 
| Remove unit from queue | 1 |  | 
| Right click | 787 |  | 
| Select / deselect | 265 |  | 
| Select group hotkey | 315 |  | 
| Use ability | 80 |  | 
                1664 total
 » units 
                
                | Wisp | 16 |  | 
| Glaive Thrower | 10 |  | 
| Huntress | 5 |  | 
| Archer | 3 |  | 
                34 total
 » upgrades
                
                | Ultravision | 1 |  | 
| Strength of the Moon | 1 |  | 
| Moon Armor | 1 |  | 
                3 total
 » buildings
                
                | Altar of Elders | 1 |  | 
| Moon Well | 5 |  | 
| Hunter's Hall | 2 |  | 
| Ancient of War | 3 |  | 
| Ancient Protector | 6 |  | 
| Ancient of Wonders | 1 |  | 
| Tree of Life | 2 |  | 
| Tree of Ages | 1 |  | 
                21 total
 » build order
                00:05 Altar of Elders
00:18 Moon Well
01:55 Hunter's Hall
01:56 Ancient of War
01:58 Hunter's Hall
02:00 Ancient of War
02:02 Moon Well
02:17 Ancient of War
02:31 Moon Well
04:12 Ancient Protector
04:16 Ancient Protector
04:35 Ancient Protector
06:41 Moon Well
07:10 Ancient of Wonders
08:59 Moon Well
09:56 Ancient Protector
10:38 Tree of Life
11:01 Tree of Ages
11:38 Tree of Life
13:43 Ancient Protector
14:02 Ancient Protector
 
               
              
              
TicTacs (
purple | 110 APM | 2003 actions | 18:13)
              
 3 Demon Hunter 
 2 Mana Burn
 1 Evasion
 2 Keeper of the Grove 
 1 Entangling Roots
 1 Thorns Aura
 
                » actions 
                
                | Assign group hotkey | 45 |  | 
| Basic commands | 50 |  | 
| Build / train | 50 |  | 
| ESC pressed | 5 |  | 
| Enter build submenu | 19 |  | 
| Enter hero's abilities submenu | 5 |  | 
| Right click | 963 |  | 
| Select / deselect | 340 |  | 
| Select group hotkey | 430 |  | 
| Use ability | 96 |  | 
                2003 total
 » units 
                
                | Wisp | 17 |  | 
| Huntress | 3 |  | 
| Glaive Thrower | 3 |  | 
| Dryad | 4 |  | 
| Druid of the Claw | 3 |  | 
| Hippogryph | 2 |  | 
                32 total
 » upgrades
                
                | Strength of the Wild | 1 |  | 
| Ultravision | 1 |  | 
| Druid of the Claw Training | 2 |  | 
| Reinforced Hides | 1 |  | 
                5 total
 » buildings
                
                | Altar of Elders | 1 |  | 
| Moon Well | 6 |  | 
| Ancient of War | 1 |  | 
| Hunter's Hall | 1 |  | 
| Tree of Ages | 1 |  | 
| Ancient of Lore | 2 |  | 
| Tree of Eternity | 1 |  | 
| Ancient of Wind | 2 |  | 
| Tree of Life | 1 |  | 
| Ancient Protector | 3 |  | 
                19 total
 » build order
                00:14 Altar of Elders
00:27 Moon Well
01:57 Ancient of War
02:00 Hunter's Hall
02:13 Moon Well
02:54 Moon Well
03:25 Tree of Ages
03:41 Moon Well
05:55 Ancient of Lore
05:56 Ancient of Lore
08:17 Tree of Eternity
11:04 Ancient of Wind
11:04 Ancient of Wind
11:28 Tree of Life
12:20 Ancient Protector
12:22 Ancient Protector
12:24 Ancient Protector
13:31 Moon Well
13:40 Moon Well
» items
                 
                Chat log
          (00:13 / All) AShamefulNiggr: ashamefulnaga
(00:19 / All) DedNiggrStorage: uy gotta be the dumbest noobie ive ever seen
(00:29 / All) DedNiggrStorage: u got white out all ova ur screen
(00:30 / All) TicTacs: agreed
(01:01 / All) ISMOKETREESNAGA: u guys are niggers
(01:07 / All) DedNiggrStorage: niggrs
(01:15 / All) ISMOKETREESNAGA: lol
(01:19 / All) ISMOKETREESNAGA: im warden
(01:25 / All) TicTacs: im tinker
(01:25 / All) DedNiggrStorage: kk
(01:27 / All) ISMOKETREESNAGA: I MEAN ALCHEMIST
(01:31 / All) DedNiggrStorage: kk
(01:32 / All) AShamefulNiggr: i dont get a hero
(01:39 / All) AShamefulNiggr: 5 food and he gives too much exp
(03:28 / All) ISMOKETREESNAGA: yall some bitches
(03:30 / All) DedNiggrStorage: no u
(03:35 / All) ISMOKETREESNAGA: no u
(03:42 / All) TicTacs: lol
(03:45 / All) TicTacs: i love you guys already
(03:50 / All) DedNiggrStorage: )
(17:54 / All) DedNiggrStorage: 2ez?